 Dungeon Crawl Stone Soup version 0.29-a0-1006-g0dd7720b37 (webtiles) character file.

Game seed: 6583399044067080277

16 gelatine the Magician (level 2, 0/19 HPs)
             Began as a Demonspawn Hedge Wizard on Aug 7, 2022.
             Slain by a worm (8 damage)
             ... on level 2 of the Dungeon.
             The game lasted 00:04:25 (1144 turns).

gelatine the Magician (Demonspawn Hedge Wizard)     Turns: 1144, Time: 00:04:26

Health: 0/19       AC:  2    Str: 10    XL:     2   Next: 37%
Magic:  1/6        EV: 12    Int: 15    God:
Gold:   66         SH:  0    Dex: 12    Spells: 3/8 levels left

rFire   . . .      SeeInvis .   k - +0 spear (vorpal)
rCold   . . .      Faith    .   (no shield)
rNeg    . . .      Spirit   .   b - +0 robe
rPois   .          Reflect  .   c - +0 hat
rElec   .          Harm     .   (no cloak)
rCorr   .          Rampage  .   (no gloves)
Will    .....                   (no boots)
Stlth   ++........              (no amulet)
HPRegen 0.06/turn               (no ring)
MPRegen 0.10/turn               (no ring)

@: no status effects
A: demonic guardian 1
a: no special abilities


You were on level 2 of the Dungeon.
You visited 1 branch of the dungeon, and saw 2 of its levels.

You collected 66 gold pieces.

Inventory:

Hand Weapons
 a - a +0 dagger
 k - a +0 vorpal spear (weapon)
 s - a +3 hammer
Missiles
 i - 2 javelins
 l - 5 boomerangs
Armour
 b - a +0 robe (worn)
 c - a +0 hat (worn)
Scrolls
 e - 2 scrolls of identify {unknown}
 g - a scroll of magic mapping {unknown}
 h - 3 scrolls of teleportation {unknown}
 j - 3 scrolls of blinking {unknown}
 m - a scroll of amnesia {unknown}
 n - a scroll of noise {unknown}
 r - a scroll of enchant armour {unknown}
Potions
 d - a potion of magic
 f - 3 potions of curing {unknown}
 o - 2 potions of heal wounds {unknown}
 p - a potion of berserk rage {unknown}
 q - 2 potions of degeneration {unknown}


   Skills:
 + Level 0.3 Polearms
 + Level 1.8 Dodging
 + Level 1.8 Stealth
 + Level 3.5 Spellcasting
 + Level 1.0 Conjurations
 + Level 1.0 Summonings
 + Level 0.8 Translocations


You had 3 spell levels left.
You knew the following spells:

 Your Spells              Type           Power      Damage    Failure   Level
a - Magic Dart            Conj           20%        1d4       13%         1
b - Call Imp              Summ           5%         N/A       19%         2
c - Blink                 Tloc           10%        N/A       21%         2

Your spell library contained the following spells:

 Spells                   Type           Power      Damage    Failure   Level
 Slow                     Hex            8%         N/A       19%         1
 Gell's Gravitas          Tloc           5%         N/A       38%         3
 Lesser Beckoning         Tloc           5%         N/A       38%         3
 Teleport Other           Tloc           5%         N/A       38%         3
 Conjure Flame            Conj/Fire      4%         6-21      43%         3
 Mephitic Cloud           Conj/Pois/Air  3%         N/A       45%         3


Dungeon Overview and Level Annotations

Branches:
Dungeon (2/15)

Altars:

Annotations:
D:2 1 runed translucent door, Crazy Yiuf


Innate Abilities, Weirdness & Mutations

A weak demonic guardian rushes to your aid.


Message History

s - a +3 hammer Unknown command.
Found a hammer.
You see here a +0 hammer.
You see here a +0 hammer.
You see here a +0 hammer.
You see here a +0 hammer.
Found a hammer.
You see here a +0 hammer.
You see here a +0 hammer.
Found a hammer.
Crazy Yiuf screams, "Aardvark leg cower!"
You see here a +0 hammer.
You see here a +0 hammer.
You see here a +0 hammer.
Crazy Yiuf screams, "Earwax!
Ten leg mobile."
A worm comes into view.
Found a stone staircase leading down.
The magic dart hits the worm.
The worm is lightly wounded.
The magic dart hits the worm.
The worm is lightly wounded.
The magic dart hits the worm.
The worm is moderately wounded.
The magic dart hits the worm.
The worm is heavily wounded.
The magic dart hits the worm.
The worm is heavily wounded.
The magic dart hits the worm.
The worm is heavily wounded.
You are out of magic!
Found a ring mail.
The worm bites you!
Ouch! That really hurt!
A demonic guardian appears!
You hit the worm.
The worm is severely wounded.
You barely miss the worm.
The worm is severely wounded.
The worm bites you!
You die...

#[.....# #......#
#...>..## #.......
#......# #......#
########### #...5w.#
#.))....##. #....@.#
###..).).))).
#......###.+..).)).###
#####.##...........#..
#.#.......)..).+g.
#......+......)#..
#.....##)...)..###
#.....##.)...))..)
#.....#####)...)..
####.....############


You could see a worm (ally target) and a friendly iron imp (summoned).

Vanquished Creatures
  3 bats
  An endoplasm (D:1)
  A giant cockroach (D:1)
  2 goblins (D:1)
  A hobgoblin (D:1)
  A quokka (D:2)
  2 ball pythons
  A frilled lizard (D:1)
  A kobold (D:1)
  A rat (D:1)
14 creatures vanquished.

Vanquished Creatures (others)
  A fungus (D:1)
1 creature vanquished.

Grand Total: 15 creatures vanquished

Notes
Turn   | Place    | Note
-------+----------+-------------------------------------------
     0 | D:1      | gelatine the Demonspawn Hedge Wizard began the quest for
                  | the Orb.
     0 | D:1      | Reached XP level 1. HP: 13/13 MP: 4/4
   714 | D:1      | Gained mutation: A weak demonic guardian rushes to your
                  | aid. [demonic ancestry]
   714 | D:1      | Reached XP level 2. HP: 19/19 MP: 4/6
   770 | D:1      | Found a faded altar of an unknown god.
   961 | D:2      | Learned a level 2 spell: Call Imp
   964 | D:2      | Learned a level 2 spell: Blink
  1092 | D:2      | Found a runed translucent door.
  1095 | D:2      | Noticed Crazy Yiuf
  1144 | D:2      | Slain by a worm

Illustrated notes

Levels and vault maps discovered:
D:1:      dpeg_chamrin_arrival_tetris, layout_basic,
          shapermc_ecumenical_altar_mp_urbaneastern, supply_closet_lemuel
D:2:      layout_rooms, uniq_crazy_yiuf_cottage

Action                   || total
-------------------------++-------
Melee: Spear             ||    10
 Cast: Magic Dart        ||    26
       Blink             ||     1
Armor: Robe              ||     2
Dodge: Dodged            ||     7

Table legend: (Time is in decaauts)
 A = Elapsed time spent in this place.
 B = Non-inter-level travel time spent in this place.
 C = Inter-level travel time spent in this place.
 D = Time resting spent in this place.
 E = Time spent auto-exploring this place.
 F = Levels seen in this place.
 G = Mean time per level.
                   A        B        C        D        E       F      G
               +--------+--------+--------+--------+--------+-----+--------+
         Total |   1144 |   1094 |     50 |      0 |    924 |   2 |  572.0 |
       Dungeon |   1144 |   1094 |     50 |      0 |    924 |   2 |  572.0 |
               +--------+--------+--------+--------+--------+-----+--------+

Top non-repeatable levels by time:
     D:1: 957 daAuts
     D:2: 187 daAuts
